Map: Kairos Junction LE

Players

Harstem

  • Race: Protoss Protoss
  • Spawn Location: 5:00

TIME (Oliveira) - Winner!

  • Race: Terran Terran
  • Spawn Location: 11:00

Event: 2019 WCS Spring

VOD

Have the link to the VOD?

Description

Time

  • Played on: May 18, 2019, 2:38 p.m.
  • Length: 8:33

All games in this series

Show
View Real Time Build Order
Export as new Build Order

Harstem Protoss 

Build Orders: 1 Gate Expand, Blink Stalkers, Zealot Archon 

Get SALT Encoding   

  12  0:00  Probe  
  13  0:13  Probe  
  14  0:18  Pylon  
  14  0:25  Probe  
  15  0:36  Pylon  
  15  0:37  Probe  
  16  0:49  Probe  
  17  0:55  Gateway  
  17  1:01  Probe  
  18  1:21  Nexus  
  18  1:29  Probe  
  18  1:30  Assimilator  
  19  1:33  Zealot  
  19  1:46  Cybernetics Core  
  21  1:49  Probe  
  21  1:53  Zealot  
  25  2:01  Probe  
  25  2:10  Assimilator  
  25  2:13  Probe  
  25  2:15  Stalker  
  26  2:25  Shield Battery  
  28  2:32  Probe  
  29  2:39  Stalker, Warp Gate  
  29  2:44  Probe  
  33  2:51  Probe  
  33  2:57  Probe  
  34  3:03  Probe  
  35  3:09  Probe  
  34  3:12  Probe  
  34  3:15  Robotics Facility  
  35  3:20  Probe  
  35  3:21  Probe  
  37  3:29  Probe  
  37  3:33  Probe  
  39  3:41  Twilight Council  
  39  3:42  Probe  
  39  3:45  Probe  
  39  3:47  Pylon  
  41  3:51  Blink  
  41  3:52  Pylon  
  41  3:54  Probe  
  42  3:56  Observer  
  42  3:57  Probe  
  42  3:58  Gateway  
  44  4:05  Gateway  
  44  4:08  Gateway  
  45  4:15  Probe, Shield Battery  
  46  4:18  Observer  
  46  4:24  Probe  
  46  4:27  Probe  
  46  4:28  Stalker  
  50  4:36  Probe  
  50  4:37  Assimilator, Pylon  
  51  4:39  Probe  
  52  4:48  Probe  
  53  4:55  Stalker x2  
  53  4:56  Probe  
  58  5:00  Probe  
  58  5:09  Probe  
  59  5:23  Stalker  
  60  5:29  Nexus  
  60  5:33  Forge  
  60  5:34  Stalker  
  62  5:38  Sentry  
  62  5:40  Stalker  
  62  5:42  Charge, Probe  
  67  5:43  Probe  
  68  5:50  Pylon  
  68  5:54  Probe  
  68  5:56  Pylon  
  69  5:57  Probe  
  69  6:03  Protoss Ground Armor Level 1  
  70  6:05  Gateway  
  70  6:07  Gateway  
  70  6:10  Probe  
  71  6:11  Probe  
  71  6:18  Zealot  
  74  6:23  Zealot, Gateway  
  76  6:26  Zealot  
  76  6:27  Probe  
  76  6:29  Probe  
  76  6:30  Sentry  
  82  6:35  Observer  
  82  6:38  Zealot  
  86  6:41  Pylon  
  86  6:44  Probe, Gateway  
  86  6:45  Probe  
  87  6:48  Warp Prism  
  88  6:55  Zealot x3  
  95  7:03  Templar Archives  
  95  7:09  Zealot  
  95  7:11  Zealot, Pylon  
  95  7:13  Zealot  
  101  7:17  Zealot x2  
  101  7:20  Pylon  
  105  7:26  Zealot  
  105  7:27  Pylon  
  107  7:30  Pylon  
  107  7:32  Zealot  
  109  7:38  Probe x2  
  109  7:40  Pylon  
  111  7:45  High Templar x2  
  111  7:46  Zealot x3  
  111  7:47  Pylon  
  111  7:51  Zealot  
  122  7:52  Archon  
  122  7:56  Zealot  
  124  8:11  Zealot x4  
  118  8:16  Zealot  
  82  8:21  Zealot x2  
  72  8:30  Zealot  
  72  8:32  Stalker x3  
Show
View Real Time Build Order
Export as new Build Order

TIME Terran - Winner!

Build Orders: Reaper Expand 

Get SALT Encoding   

  12  0:00  SCV  
  13  0:13  SCV  
  14  0:17  Supply Depot  
  14  0:25  SCV  
  15  0:39  SCV  
  15  0:40  Barracks  
  16  0:44  Refinery  
  16  0:51  SCV  
  17  1:03  SCV  
  18  1:15  SCV  
  19  1:28  Reaper, Orbital Command  
  20  1:42  Command Center  
  20  1:55  SCV, Supply Depot  
  20  1:59  Marine  
  22  2:08  Factory  
  22  2:10  SCV  
  22  2:13  Refinery  
  23  2:17  Marine  
  23  2:23  SCV  
  24  2:34  Bunker  
  24  2:38  Command Center  
  24  2:39  Barracks Reactor  
  24  2:41  SCV  
  25  2:53  SCV, Starport  
  25  3:05  SCV, Widow Mine  
  27  3:17  SCV, Supply Depot, Marine  
  29  3:21  Marine  
  30  3:29  SCV  
  31  3:39  Medivac, Widow Mine  
  31  3:41  Marine x2  
  34  3:46  SCV  
  37  3:58  SCV  
  37  3:59  Marine x2  
  37  4:00  Orbital Command  
  37  4:02  Factory Tech Lab  
  40  4:10  Starport Tech Lab  
  40  4:15  Orbital Command, Barracks  
  40  4:17  SCV  
  40  4:22  Siege Tank  
  44  4:29  SCV  
  45  4:33  Raven  
  45  4:36  Marine  
  45  4:37  Supply Depot, Marine  
  49  4:40  SCV  
  49  4:41  SCV  
  51  4:52  SCV  
  52  4:53  SCV  
  52  4:58  Siege Tank  
  54  5:00  Marine x2  
  54  5:04  SCV  
  54  5:05  SCV  
  58  5:08  Barracks  
  58  5:11  Refinery  
  58  5:12  Engineering Bay  
  56  5:16  SCV  
  56  5:17  Supply Depot  
  56  5:18  SCV  
  58  5:24  Stimpack, Marine  
  59  5:28  Marine  
  59  5:29  SCV  
  59  5:30  SCV  
  59  5:35  Supply Depot  
  62  5:38  Siege Tank  
  65  5:44  SCV x2, Supply Depot, Refinery  
  65  5:49  Marauder  
  69  5:50  Marine  
  69  5:55  Terran Infantry Weapons Level 1  
  69  5:56  Marine  
  70  5:58  Barracks Tech Lab  
  70  6:00  SCV x2  
  72  6:04  Starport Reactor  
  72  6:07  Marine  
  73  6:12  SCV  
  73  6:14  Marine  
  73  6:16  Siege Tank  
  77  6:19  Marauder  
  77  6:21  SCV  
  77  6:22  Supply Depot  
  77  6:24  SCV, Supply Depot  
  81  6:26  Marauder  
  81  6:28  Marine  
  81  6:30  Combat Shield  
  84  6:33  SCV  
  84  6:35  Marine  
  84  6:39  Supply Depot  
  86  6:44  SCV, Marauder  
  89  6:47  Marine  
  89  6:53  Marauder, Siege Tank  
  95  6:57  Marine  
  95  6:59  Medivac  
  98  7:06  Marauder  
  98  7:08  Marine  
  101  7:12  SCV x2, Medivac  
  101  7:13  Supply Depot x2  
  101  7:14  Marauder  
  107  7:18  Marine  
  108  7:26  Marine  
  109  7:32  Concussive Shells  
  109  7:34  Siege Tank  
  109  7:35  Marauder, Supply Depot  
  109  7:36  Marauder, Supply Depot  
  115  7:51  Marine x2  
  115  7:56  Marauder, Marine  
  120  7:59  Medivac  
  120  8:00  Medivac  
  124  8:09  Marine  
  119  8:12  Marine  
Tags
 
Add a new tag
Caveats
  • Supply blocks, unpowered buildings, or Contaminate may cause inaccurate times.
  • Supply counts are checked every 10 seconds.